 Dungeon Crawl Stone Soup version 0.28-a0-732-g75e6d9beac (webtiles) character file.

Game seed: 5323399673690396414

547 Johnny the Slasher (level 7, -1/56 HPs)
             Began as a Human Berserker on Oct 28, 2021.
             Was a Believer of Trog.
             Succumbed to a killer bee's poison
             ... on level 4 of the Dungeon.
             The game lasted 00:02:13 (2964 turns).

Johnny the Slasher (Human Berserker)                Turns: 2964, Time: 00:02:13

Health: -1/56      AC:  8    Str: 20    XL:     7   Next: 53%
Magic:  7/7        EV: 11    Int:  7    God:    Trog [**....]
Gold:   113        SH:  0    Dex: 12    Spells: 6/6 levels left

rFire   . . .      SeeInvis .   a - +0 falchion
rCold   . . .      Faith    .   (no shield)
rNeg    . . .      Spirit   .   c - +1 ring mail
rPois   .          Reflect  .   g - +0 helmet
rElec   .          Harm     .   (no cloak)
rCorr   .          Rampage  .   d - +0 pair of gloves
Will    .....                   (no boots)
Stlth   +.........              (no amulet)
HPRegen 0.18/turn               (no ring)
MPRegen 0.10/turn               (no ring)

@: lethally poisoned (-1 -> -11), about to teleport, on berserk cooldown,
attractive, flying, slowed, very slow
A: no striking features
a: Renounce Religion, Berserk, Trog's Hand


You were on level 4 of the Dungeon.
You worshipped Trog.
Trog was pleased with you.
You visited 1 branch of the dungeon, and saw 4 of its levels.

You collected 113 gold pieces.

Inventory:

Hand Weapons
 a - a +0 falchion (weapon)
Armour
 c - a +1 ring mail (worn)
 d - a +0 pair of gloves (worn)
 g - a +0 helmet (worn)
Wands
 i - a wand of polymorph (1)
Scrolls
 j - a scroll of fear {unknown}
 l - a scroll of torment {unknown}
 m - a scroll of identify {unknown}


   Skills:
 + Level 5.2 Fighting
 * Level 6.8 Long Blades
 - Level 2.0 Armour
 - Level 2.0 Dodging


You had 6 spell levels left.
You didn't know any spells.
Your spell library was empty.

Dungeon Overview and Level Annotations

Branches:
Dungeon (4/15)
 Temple: D:4-7

Altars:
Fedhas


Message History

You are more poisoned.
The killer bee poisons you!
It was a potion of flight.
You feel very buoyant.
You fly up into the air.
You feel very sick. The killer bee stings you.
The killer bee closely misses you.
The killer bee stings you but does no damage.
It was a potion of attraction.
You feel attractive to monsters.
You feel sick. The killer bee closely misses you. The killer bee misses you.
The killer bee stings you!
* * * LOW HITPOINT WARNING * * *
As you read the scroll labelled TUAXUY HIUHU, it crumbles to dust.
It is a scroll of enchant armour.
Your +0 ring mail glows green for a moment.
You feel sick. The killer bee barely misses you.
The killer bee stings you but does no damage. x2
As you read the scroll labelled YHIDET VELE, it crumbles to dust.
The creatures around you are filled with an inner flame!
It was a scroll of immolation.
Your skin stops crawling.
You feel less strong-willed.
You feel sick. The killer bee misses you. The killer bee barely misses you.
The killer bee stings you but does no damage.
As you read the scroll labelled KAUF XEOFFUWOMN, it crumbles to dust.
You feel strangely unstable.
It was a scroll of teleportation.
You feel sick.
You are no longer poisoned.
The killer bee barely misses you. The killer bee closely misses you.
The killer bee stings you.
* * * LOW HITPOINT WARNING * * *
You are lethally poisoned!
The killer bee poisons you!
* * * LOW HITPOINT WARNING * * *
You feel sick.
The killer bee stings you but does no damage.
The killer bee stings you.
* * * LOW HITPOINT WARNING * * *
You are more poisoned.
The killer bee poisons you!
You die...

#...... ....... .....
....... .... ....... #..
......# #.#....# #### #
#y# ##..# # ## #y##
##..## # ...####.#
##...# # ......#@##
#.(..# # .........#
#....# #
.........#####....# ##
............###..## #.
...............#### ##
.........#####....######
........## ####....#..
######### #####.## ###


You could see 2 killer bees.

Vanquished Creatures
  A scorpion (D:4)
  A water moccasin skeleton (D:4)
  4 killer bees (D:4)
  A centaur zombie (D:3)
  A hound (D:4)
  An orc priest (D:4)
  Jessica (D:3)
  2 orc wizards
  3 gnolls (D:3)
  2 adders
  9 orcs
  8 bats
  6 endoplasms
  3 giant cockroaches
  2 goblins
  3 hobgoblins
  3 jackals (D:2)
  5 kobolds
  A quokka (D:3)
  3 ball pythons
  6 frilled lizards
  2 rats (D:1)
68 creatures vanquished.

Notes
Turn   | Place    | Note
-------+----------+-------------------------------------------
     0 | D:1      | Johnny the Human Berserker began the quest for the Orb.
     0 | D:1      | Reached XP level 1. HP: 18/18 MP: 1/1
   152 | D:1      | Reached XP level 2. HP: 24/24 MP: 2/2
   262 | D:1      | Found a faded altar of an unknown god.
   277 | D:1      | You fall into a shaft and drop 1 floor!
   277 | D:2      | Found a blossoming altar of Fedhas.
   413 | D:2      | Reached XP level 3. HP: 26/29 MP: 3/3
   927 | D:2      | Reached skill level 4 in Long Blades
  1324 | D:3      | Reached XP level 4. HP: 23/37 MP: 4/4
  1737 | D:3      | Noticed Jessica
  1751 | D:3      | Killed Jessica
  1751 | D:3      | Reached ** piety under Trog
  1752 | D:3      | Reached XP level 5. HP: 39/42 MP: 5/5
  1770 | D:3      | Reached skill level 5 in Long Blades
  2546 | D:4      | Reached XP level 6. HP: 49/49 MP: 6/6
  2631 | D:4      | Reached skill level 6 in Long Blades
  2708 | D:4      | Reached XP level 7. HP: 55/55 MP: 7/7
  2948 | D:4      | Reached skill level 5 in Fighting
  2964 | D:4      | Succumbed to a killer bee's poison

Illustrated notes

Levels and vault maps discovered:
D:1:      scummos_arrival_simple_crosswalls, layout_basic,
          hellmonk_ecumenical_altar_heavens_door, minmay_distorted
D:2:      layout_basic, basic_altar
D:3:      layout_loops_ring, grunt_decor_mini_mirrors, uniq_jessica
D:4:      cheibrodos_quashed, layout_cave_pods

Skill      XL: |  1  2  3  4  5  6  7 |
---------------+----------------------+-----
Long Blades    | 4 5 6 |  6.8
Fighting       | 4 5 |  5.2
Armour         | |  2.0
Dodging        | |  2.0

Action                   |  1- 3 |  4- 6 |  7- 9 || total
-------------------------+-------+-------+-------++-------
Melee: Falchion          |   100 |    78 |    36 ||   214
       Unarmed           |       |    17 |       ||    17
Invok: Berserk           |     2 |     2 |     1 ||     5
       Trog's Hand       |       |       |     1 ||     1
  Use: Scroll            |       |       |     3 ||     3
       Potion            |       |       |     2 ||     2
Armor: Ring mail         |    62 |    37 |    15 ||   114
       Skin              |       |     3 |       ||     3
Dodge: Dodged            |    66 |    67 |    26 ||   159

Table legend: (Time is in decaauts)
 A = Elapsed time spent in this place.
 B = Non-inter-level travel time spent in this place.
 C = Inter-level travel time spent in this place.
 D = Time resting spent in this place.
 E = Time spent auto-exploring this place.
 F = Levels seen in this place.
 G = Mean time per level.
                   A        B        C        D        E       F      G
               +--------+--------+--------+--------+--------+-----+--------+
         Total |   3018 |   2958 |     60 |    645 |   1815 |   4 |  754.5 |
       Dungeon |   3018 |   2958 |     60 |    645 |   1815 |   4 |  754.5 |
               +--------+--------+--------+--------+--------+-----+--------+

Top non-repeatable levels by time:
     D:3: 1255 daAuts
     D:2: 1041 daAuts
     D:4: 439 daAuts
     D:1: 281 daAuts
